 Dungeon Crawl Stone Soup version 0.27-a0-1456-gf5a116941d (webtiles) character file.

Game seed: 6766453639190534686

230 robertstho the Magician (level 5, -1/28 HPs)
             Began as a Deep Elf Fire Elementalist on July 6, 2021.
             Killed by divine providence
             ... invoked by an orc priest
              (12 damage)
             ... on level 3 of the Dungeon.
             The game lasted 00:05:24 (3414 turns).

robertstho the Magician (DEFE)                      Turns: 3414, Time: 00:05:25

Health: -1/28      AC:  2    Str:  5    XL:     5   Next: 72%
Magic:  13/15      EV: 12    Int: 21    God:
Gold:   128        SH:  0    Dex: 15    Spells: 2/15 levels left

rFire    . . .     SeeInvis .   f - +0 dagger (venom)
rCold    . . .     Faith    .   (no shield)
rNeg     . . .     Spirit   .   a - +0 robe
rPois    .         Reflect  .   (no helmet)
rElec    .         Harm     .   (no cloak)
rCorr    .         Rampage  .   (no gloves)
Will     .....                  (no boots)
Stlth    ++........             (no amulet)
HPRegen  0.09/turn              (no ring)
MPRegen  0.14/turn              (no ring)

@: no status effects
A: no striking features
a: no special abilities


You were on level 3 of the Dungeon.
You visited 1 branch of the dungeon, and saw 3 of its levels.

You collected 128 gold pieces.

Inventory:

Hand Weapons
 d - a +0 battleaxe
 f - a +0 dagger of venom (weapon)
Armour
 a - a +0 robe (worn)
Jewellery
 i - a ring of protection from cold
Scrolls
 b - 4 scrolls of teleportation {unknown}
 j - a scroll of torment {unknown}
 k - a scroll of brand weapon {unknown}
 l - a scroll of amnesia {unknown}
Potions
 c - 2 potions of curing {unknown}
 e - a potion of haste {unknown}
 g - a potion of attraction {unknown}
 h - a potion of experience {unknown}
 m - a potion of ambrosia {unknown}


   Skills:
 + Level 2.4 Dodging
 + Level 2.5 Stealth
 * Level 5.9 Spellcasting
 * Level 2.7 Conjurations
 * Level 4.9 Fire Magic


You had 2 spell levels left.
You knew the following spells:

 Your Spells              Type           Power      Damage    Failure   Level
a - Foxfire               Conj/Fire      88%        2x1d8     1%          1
b - Conjure Flame         Conj/Fire      22%        6-21      6%          3
c - Sticky Flame          Conj/Fire      22%        2d4       21%         4
d - Fireball              Conj/Fire      11%        3d7       50%         5

Your spell library contained the following spells:

 Spells                   Type           Power      Damage    Failure   Level
 Inner Flame              Hex/Fire       16%        N/A       11%         3
 Call Canine Familiar     Summ           6%         N/A       30%         3
 Portal Projectile        Hex/Tloc       12%        N/A       30%         3
 Leda's Liquefaction      Hex/Erth       3%         N/A       69%         4


Dungeon Overview and Level Annotations

Branches:
Dungeon (3/15)

Altars:


Message History

Press: ? - help, Q - select action Dir - look around, f - activate You conjure some foxfire!
The orc shouts!
The foxfire hits the orc.
The orc is heavily wounded.
Casting: Foxfire (safe; 1% risk of failure)
Press: ? - help, Q - select action Dir - look around, f - activate You conjure some foxfire!
The foxfire hits the orc.
You kill the orc!
Casting: Foxfire (safe; 1% risk of failure)
Press: ? - help, Q - select action Dir - look around, f - activate You conjure some foxfire!
Unknown command.
Your foxfire dissipates!
Your foxfire dissipates!
Found a stone staircase leading down.
There is a stone staircase leading up here.
Items here: ( )) [ †.
You now have 128 gold pieces (gained 6).
An orc priest comes into view. It is wielding a +0 trident.
Casting: Foxfire (safe; 1% risk of failure)
Press: ? - help, Q - select action Dir - look around, f - activate You conjure some foxfire!
The orc priest shouts!
The foxfire hits the orc priest.
The orc priest is moderately wounded.
Casting: Foxfire (safe; 1% risk of failure)
Press: ? - help, Q - select action Dir - look around, f - activate You conjure some foxfire!
The foxfire hits the orc priest!
The orc priest is severely wounded.
The orc priest calls down the wrath of Beogh upon you.
Beogh smites you!
Ouch! That really hurt!
Unknown command.
Your foxfire dissipates!
The orc priest calls down the wrath of Beogh upon you.
Beogh smites you!
You die...

#.#.#.#### # #.#
#.#.#....## #. #.#
#..#.....>###.#.##.#
#.#.#<..........(..#
###)....###.###.##
#....## #.# #.####
#.# #§#######. #.#
#@§§§v.o.. #.#
########## #.#
#####.# #.....#
#.##### ###. #.#
....
#######.#######.
####
................
#######.########


You could see an orc priest (ally target).

Vanquished Creatures
  A jelly (D:2)
  An orc priest (D:3)
  Natasha (thrice) (D:2)
  4 adders
  A worm (D:2)
  4 orcs (D:3)
  7 bats
  2 endoplasms
  3 giant cockroaches
  6 hobgoblins
  3 jackals (D:3)
  A quokka (D:1)
  4 ball pythons
  2 frilled lizards
  5 goblins
  7 kobolds
54 creatures vanquished.

Vanquished Creatures (others)
  288 foxfires
288 creatures vanquished.

Grand Total: 342 creatures vanquished

Notes
Turn   | Place    | Note
-------+----------+-------------------------------------------
     0 | D:1      | robertstho the Deep Elf Fire Elementalist began the quest
                  | for the Orb.
     0 | D:1      | Reached XP level 1. HP: 10/10 MP: 6/6
   465 | D:1      | Reached XP level 2. HP: 15/15 MP: 5/8
  1226 | D:2      | Reached XP level 3. HP: 19/19 MP: 5/10
  1862 | D:2      | Reached skill level 4 in Spellcasting
  1885 | D:2      | Reached XP level 4. HP: 24/24 MP: 10/12
  1902 | D:2      | Noticed Natasha
  1911 | D:2      | Killed Natasha
  1969 | D:2      | Reached skill level 5 in Spellcasting
  2350 | D:2      | Noticed Natasha
  2356 | D:2      | Killed Natasha
  2357 | D:2      | Reached XP level 5. HP: 28/28 MP: 11/15
  2401 | D:2      | Found a faded altar of an unknown god.
  3012 | D:3      | Learned a level 3 spell: Conjure Flame
  3017 | D:3      | Learned a level 4 spell: Sticky Flame
  3023 | D:3      | Learned a level 5 spell: Fireball
  3058 | D:2      | Noticed Natasha
  3064 | D:2      | Killed Natasha
  3414 | D:3      | Killed from afar by an orc priest

Illustrated notes

Levels and vault maps discovered:
D:1:      shiori_arrival_oz, layout_loops_cross
D:2:      minmay_recursive_quarters, layout_loops_cross,
          chequers_ecumenical_altar_twisty, bh_walls_and_bars, uniq_natasha
D:3:      layout_loops_ring

Skill      XL: |  1  2  3  4 |
---------------+-------------+-----
Conjurations   | 2 |  2.7
Fire Magic     | 4 |  4.9
Spellcasting   | 4 5 |  5.9
Dodging        | |  2.4
Stealth        | |  2.5

Action                   |  1- 3 |  4- 6 || total
-------------------------+-------+-------++-------
 Cast: Foxfire           |   102 |    82 ||   184
Armor: Robe              |     3 |     3 ||     6
Dodge: Dodged            |     2 |     8 ||    10

Table legend: (Time is in decaauts)
 A = Elapsed time spent in this place.
 B = Non-inter-level travel time spent in this place.
 C = Inter-level travel time spent in this place.
 D = Time resting spent in this place.
 E = Time spent auto-exploring this place.
 F = Levels seen in this place.
 G = Mean time per level.
                   A        B        C        D        E       F      G
               +--------+--------+--------+--------+--------+-----+--------+
         Total |   3413 |   3261 |    152 |      0 |   2854 |   3 | 1137.7 |
       Dungeon |   3413 |   3261 |    152 |      0 |   2854 |   3 | 1137.7 |
               +--------+--------+--------+--------+--------+-----+--------+

Top non-repeatable levels by time:
     D:2: 1587 daAuts
     D:1: 1170 daAuts
     D:3: 656 daAuts
